% Time on Ice - PORTLAND PIRATES
Lines # - Real PCT - Wanted PCT - Time Play
Normal Forward
1 - 33% - 33% - 18:24
2 - 33% - 33% - 18:18
3 - 23% - 22% - 12:37
4 - 12% - 12% - 6:43
Normal Defense
1 - 33% - 34% - 18:42
2 - 34% - 34% - 19:16
3 - 23% - 22% - 13:05
4 - 9% - 10% - 4:59
PP Forward
1 - 51% - 60% - 1:01
2 - 49% - 40% - 0:58
PP Defense
1 - 51% - 60% - 1:01
2 - 49% - 40% - 0:58
PK Forward
1 - 78% - 60% - 1:33
2 - 22% - 40% - 0:26
PK Defense
1 - 62% - 60% - 1:14
2 - 38% - 40% - 0:45
PK3 Forward
1 - 0% - 55%
2 - 0% - 45%
PK3 Defense
1 - 0% - 55%
2 - 0% - 45%
44 Forward
1 - 0% - 55%
2 - 0% - 45%
44 Defense
1 - 0% - 55%
2 - 0% - 45%
Last Minute Offensive  - 0:00
Last Minute Defensive  - 0:00
Total
Forward - 60:00
Defense - 60:00
% Time on Ice - LOS ANGELES SEALS
Lines # - Real PCT - Wanted PCT - Time Play
Normal Forward
1 - 35% - 36% - 19:13
2 - 23% - 31% - 12:39
3 - 19% - 26% - 10:15
4 - 24% - 7% - 13:11
Normal Defense
1 - 36% - 36% - 19:46
2 - 32% - 31% - 17:42
3 - 24% - 23% - 13:18
4 - 8% - 10% - 4:32
PP Forward
1 - 59% - 55% - 1:10
2 - 41% - 45% - 0:49
PP Defense
1 - 52% - 55% - 1:02
2 - 48% - 45% - 0:57
PK Forward
1 - 100% - 55% - 1:59
2 - 0% - 45% - 0:00
PK Defense
1 - 51% - 55% - 1:01
2 - 49% - 45% - 0:58
PK3 Forward
1 - 0% - 55%
2 - 0% - 45%
PK3 Defense
1 - 0% - 55%
2 - 0% - 45%
44 Forward
1 - 0% - 55%
2 - 0% - 45%
44 Defense
1 - 0% - 55%
2 - 0% - 45%
Last Minute Offensive  - 0:00
Last Minute Defensive  - 0:44
Total
Forward - 60:00
Defense - 60:00
Play-by-Play 1st period 0:01 of 1st period - Mikael Backlund wins face-off versus Mika Zibanejad in neutral zone. 0:04 of 1st period - Shot by Nikita Kucherov. 0:04 of 1st period - Shot Misses the Net. 0:11 of 1st period - Icing by Brett Pesce. 0:12 of 1st period - Mika Zibanejad wins face-off versus David Krejci in PORTLAND PIRATES zone. 0:35 of 1st period - Shot by Travis Konecny. 0:35 of 1st period - Shot Blocked by Ben Chiarot. 0:40 of 1st period - Mika Zibanejad is hit by Ben Chiarot and loses puck. 0:54 of 1st period - Mika Zibanejad is hit by Ben Chiarot and loses puck. 1:04 of 1st period - Icing by Ben Chiarot. 1:05 of 1st period - Robert Thomas wins face-off versus David Krejci in LOS ANGELES SEALS zone. 1:14 of 1st period - Shot by Yanni Gourde. 1:14 of 1st period - Shot Misses the Net. 1:34 of 1st period - Shot by Robert Thomas. 1:34 of 1st period - Stopped by Carter Hart without a rebound. 1:35 of 1st period - Sam Steel wins face-off versus Mikael Backlund in LOS ANGELES SEALS zone. 2:07 of 1st period - Shot by Nikita Kucherov. 2:07 of 1st period - Stopped by Martin Jones without a rebound. 2:08 of 1st period - Jake Evans wins face-off versus Robert Thomas in PORTLAND PIRATES zone. 2:30 of 1st period - Icing by Brandon Carlo. 2:31 of 1st period - Chandler Stephenson wins face-off versus Jake Evans in LOS ANGELES SEALS zone. 3:27 of 1st period - Icing by Brandon Carlo. 3:28 of 1st period - Michael McLeod wins face-off versus Mason McTavish in LOS ANGELES SEALS zone. 3:44 of 1st period - Off-side. 3:45 of 1st period - Robert Thomas wins face-off versus Dylan Strome in neutral zone. 3:48 of 1st period - Drew Doughty is hit by Yanni Gourde and loses puck. 4:04 of 1st period - Dylan Strome is hit by Yanni Gourde and loses puck. 4:26 of 1st period - Yanni Gourde is hit by Gustav Forsling. 4:30 of 1st period - Shot by Yanni Gourde. 4:30 of 1st period - Stopped by Carter Hart with a rebound. 5:07 of 1st period - Shot by Mikael Backlund. 5:07 of 1st period - Stopped by Martin Jones without a rebound. 5:08 of 1st period - Mika Zibanejad wins face-off versus Mikael Backlund in PORTLAND PIRATES zone. 5:49 of 1st period - Shot by Chandler Stephenson. 5:49 of 1st period - Shot Blocked by Ben Chiarot. 6:05 of 1st period - Shot by Yanni Gourde. 6:05 of 1st period - Shot Misses the Net. 7:10 of 1st period - Brett Pesce is hit by Dylan Strome and loses puck. 8:03 of 1st period - Shot by Chandler Stephenson. 8:03 of 1st period - Shot Misses the Net. 8:18 of 1st period - Icing by Brandon Carlo. 8:19 of 1st period - Robert Thomas wins face-off versus Noah Cates in LOS ANGELES SEALS zone. 8:55 of 1st period - Shot by Claude Giroux. 8:55 of 1st period - Stopped by Martin Jones without a rebound. 8:56 of 1st period - Mikael Backlund wins face-off versus Mika Zibanejad in PORTLAND PIRATES zone. 9:09 of 1st period - Shot by Nikita Kucherov. 9:09 of 1st period - Stopped by Martin Jones without a rebound. 9:10 of 1st period - David Krejci wins face-off versus Sam Steel in PORTLAND PIRATES zone. 9:15 of 1st period - Shot by Dylan Strome. 9:15 of 1st period - Goal by Dylan Strome - PORTLAND PIRATES : 0 - LOS ANGELES SEALS : 1. 9:16 of 1st period - Sam Steel wins face-off versus Dylan Strome in neutral zone. 9:45 of 1st period - Shot by Michael Amadio. 9:45 of 1st period - Stopped by Carter Hart without a rebound. 9:46 of 1st period - Mikael Backlund wins face-off versus Robert Thomas in LOS ANGELES SEALS zone. 10:13 of 1st period - Icing by Robert Thomas. 10:14 of 1st period - Robert Thomas wins face-off versus Owen Tippett in PORTLAND PIRATES zone. 10:36 of 1st period - Shot by Owen Tippett. 10:36 of 1st period - Stopped by Martin Jones without a rebound. 10:37 of 1st period - Mikael Backlund wins face-off versus Sam Steel in PORTLAND PIRATES zone. 10:43 of 1st period - Brian Dumoulin is hit by Gustav Forsling and loses puck. 10:46 of 1st period - Shot by Travis Hamonic. 10:46 of 1st period - Shot Misses the Net. 11:03 of 1st period - Icing by Drew Doughty. 11:04 of 1st period - Chandler Stephenson wins face-off versus Mikael Backlund in LOS ANGELES SEALS zone. 11:11 of 1st period - Shot by Mika Zibanejad. 11:11 of 1st period - Stopped by Carter Hart with a rebound. 12:09 of 1st period - Brian Dumoulin is hit by Mikael Backlund and loses puck. 12:37 of 1st period - Off-side. 12:38 of 1st period - Mason McTavish wins face-off versus Robert Thomas in neutral zone. 13:14 of 1st period - Marc Staal is hit by Jake Evans and loses puck. 14:02 of 1st period - Shot by Mika Zibanejad. 14:02 of 1st period - Stopped by Carter Hart without a rebound. 14:03 of 1st period - David Krejci wins face-off versus Michael McLeod in LOS ANGELES SEALS zone. 14:03 of 1st period - David Krejci is hit by William Carrier. 14:08 of 1st period - Dylan Strome is hit by William Carrier and loses puck. 14:17 of 1st period - Icing by Brian Dumoulin. 14:18 of 1st period - Michael McLeod wins face-off versus Mikael Backlund in PORTLAND PIRATES zone. 14:25 of 1st period - Icing by Nikita Kucherov. 14:26 of 1st period - Mikael Backlund wins face-off versus Robert Thomas in LOS ANGELES SEALS zone. 14:34 of 1st period - Off-side. 14:35 of 1st period - Sam Steel wins face-off versus David Krejci in neutral zone. 14:44 of 1st period - Travis Hamonic is hit by Jonathan Audy-Marchessault and loses puck. 15:38 of 1st period - Shot by Pavel Zacha. 15:38 of 1st period - Goal by Pavel Zacha - PORTLAND PIRATES : 1 - LOS ANGELES SEALS : 1. 15:39 of 1st period - Mikael Backlund wins face-off versus Mika Zibanejad in neutral zone. 16:12 of 1st period - Shot by Travis Konecny. 16:12 of 1st period - Shot Blocked by Brandon Carlo. 16:18 of 1st period - Shot by Chandler Stephenson. 16:18 of 1st period - Shot Misses the Net. 16:20 of 1st period - Shot by Travis Konecny. 16:20 of 1st period - Stopped by Carter Hart with a rebound. 16:22 of 1st period - Shot by Marc Staal. 16:22 of 1st period - Shot Misses the Net. 16:24 of 1st period - Shot by Mika Zibanejad. 16:24 of 1st period - Stopped by Carter Hart without a rebound. 16:25 of 1st period - Mason McTavish wins face-off versus Robert Thomas in LOS ANGELES SEALS zone. 16:42 of 1st period - Shot by Robert Thomas. 16:42 of 1st period - Deflect By Yanni Gourde. 16:42 of 1st period - Stopped by Carter Hart with a rebound. 16:53 of 1st period - Icing by Nick Holden. 16:54 of 1st period - Dylan Strome wins face-off versus Robert Thomas in PORTLAND PIRATES zone. 17:11 of 1st period - Shot by Robert Thomas. 17:11 of 1st period - Shot Misses the Net. 17:13 of 1st period - Shot by Pavel Zacha. 17:13 of 1st period - Stopped by Carter Hart without a rebound. 17:14 of 1st period - Michael McLeod wins face-off versus Mikael Backlund in LOS ANGELES SEALS zone. 17:15 of 1st period - Shot by Nathan Bastian. 17:15 of 1st period - Stopped by Carter Hart without a rebound. 17:16 of 1st period - Michael McLeod wins face-off versus Dylan Strome in LOS ANGELES SEALS zone. 18:10 of 1st period - Icing by Noah Dobson. 18:11 of 1st period - Mika Zibanejad wins face-off versus Dylan Strome in LOS ANGELES SEALS zone. 18:11 of 1st period - Travis Konecny is hit by Ben Chiarot and loses puck. 19:09 of 1st period - Shot by Nikita Kucherov. 19:09 of 1st period - Shot Misses the Net. 19:11 of 1st period - Shot by Nikita Kucherov. 19:11 of 1st period - Shot Misses the Net. Goals for this period are 1 for PORTLAND PIRATES vs 1 for LOS ANGELES SEALS. Shots for this period are 11 for PORTLAND PIRATES vs 6 for LOS ANGELES SEALS. 2nd period 0:01 of 2nd period - Sam Steel wins face-off versus David Krejci in neutral zone. 0:06 of 2nd period - Brandon Carlo is hit by William Carrier. 0:36 of 2nd period - Shot by Sam Steel. 0:36 of 2nd period - Deflect By William Carrier. 0:36 of 2nd period - Stopped by Carter Hart without a rebound. 0:37 of 2nd period - Mikael Backlund wins face-off versus Pavel Zacha in LOS ANGELES SEALS zone. 0:44 of 2nd period - Shot by Nikita Kucherov. 0:44 of 2nd period - Shot Misses the Net. 1:02 of 2nd period - Noah Dobson is hit by Yanni Gourde. 1:23 of 2nd period - Shot by Nikita Kucherov. 1:23 of 2nd period - Stopped by Martin Jones without a rebound. 1:24 of 2nd period - David Krejci wins face-off versus Mika Zibanejad in PORTLAND PIRATES zone. 1:45 of 2nd period - Shot by Drew Doughty. 1:45 of 2nd period - Shot Misses the Net. 1:57 of 2nd period - Shot by Chandler Stephenson. 1:57 of 2nd period - Stopped by Carter Hart without a rebound. 1:58 of 2nd period - Mason McTavish wins face-off versus Sam Steel in LOS ANGELES SEALS zone. 2:06 of 2nd period - Shot by Sam Steel. 2:06 of 2nd period - Stopped by Carter Hart without a rebound. 2:07 of 2nd period - Robert Thomas wins face-off versus Mikael Backlund in LOS ANGELES SEALS zone. 2:11 of 2nd period - Icing by Brandon Carlo. 2:12 of 2nd period - Sam Steel wins face-off versus Mikael Backlund in LOS ANGELES SEALS zone. 2:28 of 2nd period - Icing by Mikael Backlund. 2:29 of 2nd period - Robert Thomas wins face-off versus Mikael Backlund in LOS ANGELES SEALS zone. 3:36 of 2nd period - Shot by Michael Amadio. 3:36 of 2nd period - Deflect By William Carrier. 3:36 of 2nd period - Stopped by Carter Hart without a rebound. 3:37 of 2nd period - Mika Zibanejad wins face-off versus Dylan Strome in LOS ANGELES SEALS zone. 4:10 of 2nd period - Gustav Forsling is hit by Travis Konecny and loses puck. 4:57 of 2nd period - Shot by Nick Bonino. 4:57 of 2nd period - Shot Misses the Net. 4:59 of 2nd period - Shot by Jake Evans. 4:59 of 2nd period - Shot Misses the Net. 5:01 of 2nd period - Shot by Nick Bonino. 5:01 of 2nd period - Shot Misses the Net. 5:09 of 2nd period - Shot by Nick Bonino. 5:09 of 2nd period - Shot Misses the Net. 5:11 of 2nd period - Shot by Noah Dobson. 5:11 of 2nd period - Goal by Noah Dobson - PORTLAND PIRATES : 1 - LOS ANGELES SEALS : 2. 5:12 of 2nd period - Robert Thomas win